Map: Acid Plant LE

Players

Darkspy

  • Race: Protoss Protoss
  • League: Platinum
  • Spawn Location: 11:00

A.I. 1 (Very Easy) - Winner!

  • Race: Protoss Protoss
  • Spawn Location: 5:00

VOD

Have the link to the VOD?

Description

Just my 2 gate stargate expo build

Time

  • Played on: June 29, 2018, 4:12 p.m.
  • Length: 5:17
Show
View Real Time Build Order
Export as new Build Order

Darkspy Protoss 

Build Orders: Oracle Opening 

Get SALT Encoding   

  12  0:01  Probe  
  13  0:13  Probe  
  14  0:19  Pylon  
  14  0:25  Probe  
  15  0:37  Gateway, Probe  
  16  0:45  Probe  
  17  0:51  Assimilator  
  17  0:54  Assimilator, Probe  
  18  1:07  Probe  
  18  1:10  Gateway  
  19  1:17  Probe  
  19  1:25  Probe, Cybernetics Core  
  21  1:34  Pylon  
  21  1:35  Probe  
  22  1:54  Probe  
  25  2:01  Adept x2  
  25  2:03  Warp Gate  
  25  2:06  Probe  
  28  2:13  Stargate  
  28  2:18  Probe  
  29  2:26  Pylon  
  29  2:30  Probe  
  30  2:43  Probe  
  31  2:53  Nexus  
  31  3:01  Oracle  
  31  3:04  Probe  
  35  3:16  Probe, Robotics Facility  
  36  3:24  Probe  
  34  3:32  Pylon  
  34  3:34  Probe  
  34  3:45  Probe  
  35  3:53  Probe  
  36  4:03  Observer  
  36  4:09  Probe  
  37  4:10  Probe  
  39  4:17  Probe  
  39  4:20  Probe  
  40  4:25  Gateway, Probe  
  40  4:27  Gateway  
  40  4:30  Probe  
  42  4:37  Probe  
  44  4:42  Probe  
  44  4:43  Robotics Bay  
  45  4:49  Probe  
  45  4:50  Assimilator  
  46  4:54  Assimilator, Probe  
  47  5:05  Nexus  
  47  5:14  Forge  
  49  5:15  Forge  
Show
View Real Time Build Order
Export as new Build Order

A.I. 1 (Very Easy) Protoss - Winner!

Build Orders:  

Get SALT Encoding   

  12  0:00  Probe  
  13  0:13  Probe  
  14  0:20  Pylon  
  14  0:36  Assimilator  
  14  0:42  Gateway  
  14  0:45  Pylon  
  14  1:15  Assimilator  
  14  1:22  Zealot  
  14  1:24  Probe  
  14  1:32  Probe  
  17  1:33  Cybernetics Core  
  18  1:42  Probe  
  19  1:53  Probe  
  20  2:01  Probe  
  21  2:09  Probe, Warp Gate  
  22  2:41  Stalker  
  22  3:52  Zealot  
  23  4:10  Probe  
  21  4:22  Probe  
  9  4:34  Probe  
  9  4:46  Probe  
  10  4:58  Probe  
  11  5:10  Stalker  
Tags
 
League
Platinum
Matchup
PvP
Spawn Locations
Cross Positions
Add a new tag
Caveats
  • Supply blocks, unpowered buildings, or Contaminate may cause inaccurate times.
  • Supply counts are checked every 10 seconds.